 Dungeon Sprint DCSS version 0.31-a0-841-g038b102fc3 (webtiles) character file.

Game seed: 9704371819028913846

0 sircluck the Ruffian (level 1, -1/33 HPs)
             Began as a Troll Berserker on Sept 27, 2023.
             Was a Follower of Trog.
             Slain by an orange demon (9 damage)
             ... in the Dungeon (Sprint VII: "The Pits").
             The game lasted 00:00:12 (43 turns).

sircluck the Ruffian (Troll Berserker)                Turns: 43, Time: 00:00:12

Health: -1/33      AC:  4    Str: 24    XL:     1   Next: 8%
Magic:  0/0        EV: 10    Int:  3    God:    Trog [*.....]
Gold:   0          SH:  0    Dex:  9    Spells: 0/0 levels left

rFire   . .          .
                       - Unarmed
rCold   . . .        (no shield)
rNeg    . . .        a - +0 animal skin
rPois   .            (helmet restricted)
rElec   .            (no cloak)
rCorr   .            (gloves unavailable)
SInv    .            (boots unavailable)
Will    .....        (no amulet) Stlth
                     (no ring)
HPRegen 1.05/turn    (no ring)
MPRegen 0.07/turn

%: no teleportation
@: berserking, lethally poisoned (-1 -> -7), very quick
A: large, unfitting armour, claws 3, regeneration 1, shaggy fur 1, tough skin 1
a: Renounce Religion, Berserk


You were in the Dungeon.
You worshipped Trog.
Trog was aware of your devotion.
You visited 1 branch

Inventory:

Armour
 a - a +0 animal skin (worn)
Scrolls
 g - a scroll of blinking
Potions
 b - a potion of curing
 c - a potion of heal wounds
 d - a potion of haste
 e - 2 potions of magic
 f - a potion of berserk rage


   Skills:
 + Level 2.5 Fighting
 + Level 2.5 Dodging
 + Level 3.1 Unarmed Combat


You couldn't memorise any spells.
You didn't know any spells.
Your spell library was empty.

Dungeon Overview and Level Annotations

Branches:
Dungeon (1/1)

Altars:


Innate Abilities, Weirdness & Mutations

You are too large for most types of armour.
You have claws for hands.
Your natural rate of healing is unusually fast.
You are covered in fur. (AC +1)
You have tough skin. (AC +1)


Message History

No target in view!
No target in view!
No target in view!
An orange demon comes into view.
The orange demon screeches!
A deep troll comes into view.
The deep troll shouts!
There is a huge open gate to the Metal Vault (Medium) here.
There is a huge open gate to the Metal Vault (Medium) here.
There is an open door to the Entrance Hall (Safe) here.
As you close the door, it creaks loudly!
You start waiting.
Something unseen opens the door.
A red film seems to cover your vision as you go berserk!
You feel yourself moving faster!
You feel mighty!
You scratch the orange demon.
The orange demon is lightly wounded.
The orange demon stings you.
You are poisoned.
The orange demon poisons you!
The orange demon hits you but does no damage.
You closely miss the orange demon.
The orange demon is lightly wounded.
You feel very sick. The orange demon completely misses you.
The orange demon hits you.
You claw the orange demon!
The orange demon is moderately wounded.
You feel very sick.
You claw the orange demon!
The orange demon is severely wounded.
You feel very sick. The orange demon stings you.
The orange demon barely misses you.
You completely miss the orange demon.
The orange demon is severely wounded.
* * * LOW HITPOINT WARNING * * *
You feel very sick.
You claw the orange demon!
The orange demon is severely wounded.
You feel sick. The orange demon stings you!
You die...

##########++######
#................#
#......#..#......#
#................+
+................+
#......#..#......#
#........4.......#
####4#####''######
#....@..##''#
#.......##..#
#.......##..#
#...<...##.4#
#.......##..#
#.......##.T#
#.......##...
##########...
#...#


You could see an orange demon.

Vanquished Creatures
  A ball python zombie (D)
1 creature vanquished.

Notes
Turn   | Place    | Note
-------+----------+-------------------------------------------
     0 | D        | sircluck the Troll Berserker began the quest for the Orb.
     0 | D        | Reached XP level 1. HP: 22/22 MP: 0/0
    22 | D        | Noticed an orange demon
    22 | D        | Noticed a deep troll
    43 | D        | Slain by an orange demon

Illustrated notes

Levels and vault maps discovered:
D:        pitsprint [storerooms_1, entrance_room_1, metal_vault_3, armoury_1,
          mini_pit_1, grid_room_1, main_hall_1, silver_pit, the_coven_3,
          the_vestibule_1, steel_vault_1, golden_pit, hallway_of_sentries,
          crystal_vault_2, iron_vault_1, final_vault]

Action                     || total
---------------------------++-------
  Melee: Unarmed           ||    10
 Invoke: Berserk           ||     1
 Armour: Animal skin       ||     7
  Dodge: Dodged            ||     3

Table legend: (Time is in decaauts)
 A = Elapsed time spent in this place.
 B = Non-inter-level travel time spent in this place.
 C = Inter-level travel time spent in this place.
 D = Time resting spent in this place.
 E = Time spent auto-exploring this place.
 F = Levels seen in this place.
 G = Mean time per level.
                   A        B        C        D        E       F      G
               +--------+--------+--------+--------+--------+-----+--------+
         Total |     41 |     41 |      0 |      3 |     12 |   1 |   41.0 |
       Dungeon |     41 |     41 |      0 |      3 |     12 |   1 |   41.0 |
               +--------+--------+--------+--------+--------+-----+--------+

Top non-repeatable levels by time:
       D: 41 daAuts
